AoeStats
← 烏雲中

Arena

509082208Analyzed
1v1 RM · 7d ago on Sep 25, 2026· 28m 23s· 2 players
Game mode
Random Map
Map size
Tiny (2 player)
Population
200
Speed
Normal
Resources
Standard
Victory
Conquest
Starting age
Dark Age
Ending age
Imperial Age
RankedLock teamsTeams togetherTeam positionsShared explorationLock speedFull tech treeHidden civsTurbo modeCheats
Victory
Defeat
🇹🇼 Celts · Taiwan
1072
+15
🇦🇺 Poles · Australia
1040
-15
pacifistMitten
5:09 Loom
5:35 Loom
6:15 Loom
6:43 Loom
10:40 Feudal Age
11:15 Double-Bit Axe
11:22 Horse Collar
13:13 Town Watch
18:09 Castle Age
16:42 Fletching
16:53 Gold Mining
17:56 Stone Mining
18:48 Bloodlines
28:52 Wheelbarrow
烏雲中
10:38 Feudal Age
11:55 Loom
15:02 Castle Age
13:37 Double-Bit Axe
14:51 Man-at-Arms
16:05 Long Swordsman
19:41 Scale Mail Armor
21:44 Pikeman
24:47 Wheelbarrow
Connection lost

Rejoining the realm…

Still unreachable

The connection could not be restored.

Session expired

The server has moved on; the page needs a fresh start.